 Dungeon Crawl Stone Soup version 0.27-a0-760-gc38aae387d (webtiles) character file.

Game seed: 17124140014480880052

117 wakim the Poker (level 5, -4/36 HPs)
             Began as a Merfolk Gladiator on Mar 25, 2021.
             Was a Follower of Hepliaklqana.
             Killed by divine providence
             ... invoked by an orc priest
              (12 damage)
             ... on level 3 of the Dungeon.
             The game lasted 00:05:41 (2739 turns).

wakim the Poker (Merfolk Gladiator)                 Turns: 2739, Time: 00:05:42

Health: -4/36      AC:  6    Str: 15    XL:     5   Next: 1%
Magic:  5/5        EV: 14    Int:  8    God:    Hepliaklqana [*.....]
Gold:   158        SH:  0    Dex: 15    Spells: 4/4 levels left

rFire    . . .     SeeInvis .   a - +0 trident
rCold    . . .     Faith    .   (no shield)
rNeg     . . .     Spirit   .   b - +0 leather armour
rPois    .         Reflect  .   c - +1 helmet
rElec    .         Harm     .   e - +0 cloak
rCorr    .         Rampage  .   (no gloves)
Will     .....                  (no boots)
Stlth    +.........             (no amulet)
HPRegen  0.12/turn              (no ring)
MPRegen  0.09/turn              (no ring)

@: no status effects
A: reduced essence, (nimble swimmer 2), mertail
a: Renounce Religion, Recall Ancestor, Ancestor Identity


You were on level 3 of the Dungeon.
You worshipped Hepliaklqana.
Hepliaklqana was aware of your devotion.
You visited 1 branch of the dungeon, and saw 3 of its levels.

You collected 158 gold pieces.

Inventory:

Hand Weapons
 a - a +0 trident (weapon)
Missiles
 d - 3 throwing nets (quivered)
Armour
 b - a +0 leather armour (worn)
 c - a +1 helmet (worn)
 e - a +0 cloak (worn)
Wands
 i - a wand of iceblast (6)
Scrolls
 F - a scroll of fog
 Y - a scroll of teleportation {@r3}
Potions
 f - a potion of lignification {unknown}
 g - 3 potions of curing {unknown}
 h - a potion of flight {unknown}
 j - a potion of mutation {unknown}


   Skills:
 + Level 3.0 Fighting
 * Level 6.0 Polearms
 - Level 2.0 Throwing
 + Level 1.0 Armour
 * Level 5.2 Dodging


You had 4 spell levels left.
You didn't know any spells.
Your spell library contained the following spells:

 Spells                   Type           Power      Damage    Failure   Level
 Confusing Touch          Hex            0%         N/A       85%         3
 Gell's Gravitas          Tloc           0%         N/A       85%         3
 Petrify                  Tmut/Erth      0%         N/A       99%         4
 Metabolic Englaciation   Hex/Ice        0%         N/A       100%        5
 Yara's Violent Unravell  Hex/Tmut       0%         3d3       100%        5


Dungeon Overview and Level Annotations

Branches:
Dungeon (3/15)

Altars:
Hepliaklqana
Ru
Uskayaw


Innate Abilities, Weirdness & Mutations

Your life essence is reduced to manifest your ancestor. (-10% HP)
((You are quick and stealthy while swimming. (Stealth+, EV+, Speed+++)))
Your lower body shifts to a powerful aquatic tail in water.


Message History

Your Armour skill increases to level 1!
You have reached level 5!
You feel clever.
You swap places.
There is a stone staircase leading down here.
You now have 158 gold pieces (gained 9).
A goblin comes into view. It is wielding a +0 dagger.
A goblin is nearby!
An orc and an orc priest come into view.
The orc priest shouts!
The orc shouts!
You hear a shout!
An orc comes into view. It is wielding a +0 club.
You swap places.
The orc priest invokes the aid of Beogh against you.
Beogh smites you!
You swap places.
You are too injured to fight recklessly!
You are too injured to fight recklessly!
You are too injured to fight recklessly!
You are too injured to fight recklessly!
You are too injured to fight recklessly!
You are too injured to fight recklessly!
You are too injured to fight recklessly!
You barely miss the goblin. You hit the goblin but do no damage.
You barely miss the goblin.
The orc priest begins to cast a cantrip, but forgets the words!
You hit the goblin.
You kill the goblin!
You barely miss the orc. The orc hits you with a +0 mace.
The orc priest casts a cantrip, but nothing happens.
You hit the orc.
The orc is heavily wounded.
The orc priest mumbles some strange prayers to Beogh against you.
Beogh smites you!
* * * LOW HITPOINT WARNING * * *
You swap places.
The orc closely misses Izel.
Izel hits the orc.
The orc dies!
The orc priest invokes the aid of Beogh against you.
Beogh smites you!
You die...

######.. ##...#######.##
#. # .............#####.
#
.#####<..#######.....##.
###
.o.o.............###.##.
..# #o#.######## #....
#.# #o#.## ##### #)##
#)#..#### # ...#####
#R##.#..# # ...)...# ..#
#@##.#..# . ...###># #.#
#.##.#..####.# # #.##
#.# #.# #............#
#.# #.# ##.##
####.#..####...
#.####.###...## ##.#...#
#.##..........###.###..#
#.##.###.........##
##.####.# #....
#.....>###.###.......#
### #.#...##
##.#.########


You could see the friendly Izel the ancestor, an orc priest and an orc.

Vanquished Creatures
  3 adders
  An adder skeleton (D:2)
  4 endoplasms
  A giant cockroach (D:2)
  8 goblins
  6 hobgoblins
  9 jackals
  4 kobolds
  5 quokkas
  5 ball pythons
  4 bats
  3 frilled lizards
  4 rats (D:2)
57 creatures vanquished.

Vanquished Creatures (collateral kills)
  2 adders
  An orc (D:3)
  A goblin (D:3)
4 creatures vanquished.

Vanquished Creatures (others)
  A plant (D:2)
1 creature vanquished.

Grand Total: 62 creatures vanquished

Notes
Turn   | Place    | Note
-------+----------+-------------------------------------------
     0 | D:1      | wakim the Merfolk Gladiator began the quest for the Orb.
     0 | D:1      | Reached XP level 1. HP: 16/16 MP: 1/1
    92 | D:1      | Reached XP level 2. HP: 10/22 MP: 2/2
   509 | D:1      | Reached skill level 5 in Polearms
   645 | D:1      | Reached XP level 3. HP: 28/28 MP: 3/3
  1328 | D:2      | Found a sacrificial altar of Ru.
  1449 | D:2      | Reached XP level 4. HP: 33/34 MP: 4/4
  1687 | D:2      | Reached skill level 5 in Dodging
  1701 | D:2      | Found a hazy altar of Hepliaklqana.
  1771 | D:2      | Became a worshipper of Hepliaklqana the Forgotten
  2118 | D:2      | Found a hide-covered altar of Uskayaw.
  2677 | D:3      | Reached * piety under Hepliaklqana
  2683 | D:3      | Reached skill level 6 in Polearms
  2683 | D:3      | Reached skill level 1 in Armour
  2683 | D:3      | Reached XP level 5. HP: 36/36 MP: 5/5
  2739 | D:3      | Killed from afar by an orc priest

Illustrated notes

Levels and vault maps discovered:
D:1:      minmay_arrival_checkered_box, layout_basic, glass_columns_a
D:2:      layout_basic, nicolae_overflow_crystal_walls,
          nicolae_hepliaklqana_hazy_memory, nicolae_ru_sacrificial_ziggurat,
          supply_closet_lemuel
D:3:      layout_loops_ring, chequers_temple_overflow_statue_of_worship

Skill      XL: |  1  2  3  4 |
---------------+-------------+-----
Polearms       | 5 6 |  6.0
Dodging        | 5 |  5.2
Fighting       | 3 |  3.0
Armour         | 1 |  1.0
Throwing       | |  2.0

Action                   |  1- 3 |  4- 6 || total
-------------------------+-------+-------++-------
Melee: Trident           |   104 |    83 ||   187
  Use: Scroll            |     5 |       ||     5
 Stab: Sleeping          |     3 |     2 ||     5
Armor: Leather armour    |    31 |    16 ||    47
Dodge: Dodged            |    66 |    55 ||   121

Table legend: (Time is in decaauts)
 A = Elapsed time spent in this place.
 B = Non-inter-level travel time spent in this place.
 C = Inter-level travel time spent in this place.
 D = Time resting spent in this place.
 E = Time spent auto-exploring this place.
 F = Levels seen in this place.
 G = Mean time per level.
                   A        B        C        D        E       F      G
               +--------+--------+--------+--------+--------+-----+--------+
         Total |   2744 |   2718 |     26 |      0 |   2289 |   3 |  914.7 |
       Dungeon |   2744 |   2718 |     26 |      0 |   2289 |   3 |  914.7 |
               +--------+--------+--------+--------+--------+-----+--------+

Top non-repeatable levels by time:
     D:1: 1153 daAuts
     D:2: 1122 daAuts
     D:3: 468 daAuts
